 Dungeon Crawl Stone Soup version 0.23-a0-29-g1be82e5 (webtiles) character file.

119 Amnesiac the Gusty (level 4, -1/30 HPs)
             Began as a Mummy Air Elementalist on Aug 3, 2018.
             Slain by an orc
             ... wielding a +0 hand axe
              (7 damage)
             ... on level 4 of the Dungeon.
             The game lasted 00:04:24 (961 turns).

Amnesiac the Gusty (Mummy Air Elementalist)          Turns: 961, Time: 00:04:25

Health: -1/30      AC:  3    Str: 11    XL:     4   Next: 74%
Magic:  2/10       EV: 12    Int: 15    God:
Gold:   86         SH:  0    Dex: 12    Spells: 4/11 levels left

rFire    x . .     SeeInvis .   a - +0 hunting sling
rCold    + . .     Gourm    .   (no shield)
rNeg     + + +     Faith    .   e - +0 robe
rPois    ∞         Spirit   .   (no helmet)
rElec    .         Reflect  .   d - +0 cloak (curse)
rCorr    .         Harm     .   (no gloves)
MR       .....                  (no boots)
Stlth    ++........             (no amulet)
HPRegen  0.10/turn              (no ring)
MPRegen  0.12/turn              (no ring)

@: very slightly contaminated
A: no food or potions, fire vulnerability, cold resistance 1, negative energy
resistance 3, torment resistance, unbreathing
a: no special abilities


You were on level 4 of the Dungeon.
You were not hungry.

You visited 1 branch of the dungeon, and saw 4 of its levels.

You collected 86 gold pieces.

Inventory:

Hand Weapons
 a - a +0 hunting sling (weapon)
 b - a +0 mace
 k - a +0 blowgun
Missiles
 f - 35 stones (quivered)
 j - 32 poisoned needles
Armour
 d - a cursed +0 cloak (worn)
 e - a +0 robe (worn)
Wands
 g - a wand of iceblast (2)
Scrolls
 c - a scroll of identify {!r}
 h - a scroll of teleportation {!r}
 i - a scroll of fog {!r}


   Skills:
 - Level 1.5 Dodging
 - Level 1.5 Stealth
 + Level 4.0 Spellcasting
 - Level 0.7 Conjurations
 * Level 4.1 Air Magic


You had 4 spell levels left.
You knew the following spells:

 Your Spells              Type           Power        Failure   Level  Hunger
a - Shock                 Conj/Air       ##..         7%          1    N/A
d - Airstrike             Air            ###.......   32%         4    N/A
z - Swiftness             Chrm/Air       #.......     12%         2    N/A

Your spell library contained the following spells:

 Spells                   Type           Power        Failure   Level  Hunger
 Lightning Bolt           Conj/Air       ##........   88%         5    N/A
 Static Discharge         Conj/Air       ##......     21%         3    N/A

Dungeon Overview and Level Annotations

Branches:
Dungeon (4/15)
 Temple: D:4-7

Altars:


Innate Abilities, Weirdness & Mutations

You do not eat or drink.
Your flesh is vulnerable to fire.
You are immune to poison.
Your flesh is cold resistant. (rC+)
You are immune to negative energy. (rN+++)
You are immune to unholy pain and torment.
You can survive without breathing.


Message History

2 orcs and a skeleton come into view.
The orc shouts!
An orc comes into view. It is wielding a hand axe.
The orc shouts!
Found a stone staircase leading down.
Found 8 gold pieces.
Found a fuming golden potion.
Really read
c - 3 scrolls labeled TIMARGH METEILE {!r}?
As you read the scroll labeled TIMARGH METEILE {!r}, it crumbles to dust.
It is a scroll of identify.
i - a scroll of fog {!r} The orc barely misses you.
Really read
h - a scroll labeled CAFRUU PUSHO {!r}?
Okay, then.
Casting: Airstrike (quite dangerous; 36% risk of failure)
Confirm with . or Enter, or press ? or * to list all spells.
Aiming: Shock (safe; 8% risk of failure)
Press: ? - help, Shift-Dir - straight line, p - orc priest The zap misses the orc.
The zap hits the orc priest.
The orc priest is lightly wounded.
The zap hits the orc priest.
The orc priest is moderately wounded.
The orc closely misses you. x2
The orc priest calls upon Beogh to heal something.
Casting: Shock (safe; 8% risk of failure)
Confirm with . or Enter, or press ? or * to list all spells.
Aiming: Shock (safe; 8% risk of failure)
Press: ? - help, Shift-Dir - straight line The zap hits the orc.
The orc is heavily wounded.
The zap misses the orc priest.
The zap hits the orc priest.
The orc priest is heavily wounded.
The orc hits you with a hand axe.
The orc priest hits you from afar with a trident.
The orc hits you with a hand axe.
* * * LOW HITPOINT WARNING * * *
Unknown command.
Casting: Shock (safe; 8% risk of failure)
Confirm with . or Enter, or press ? or * to list all spells.
Aiming: Shock (safe; 8% risk of failure)
Press: ? - help, Shift-Dir - straight line The zap hits the orc.
You kill the orc!
The zap misses the orc priest.
The zap hits the orc priest.
The orc priest is almost dead.
You feel a bit more experienced. The orc priest barely misses you.
The orc hits you with a hand axe.
* * * LOW HITPOINT WARNING * * *
Unknown command.
Casting: Shock (safe; 7% risk of failure)
Confirm with . or Enter, or press ? or * to list all spells.
Aiming: Shock (safe; 7% risk of failure)
Press: ? - help, Shift-Dir - straight line The zap misses the orc priest.
The zap hits the orc priest.
You kill the orc priest!
Your Spellcasting skill increases to level 4!
Your Air Magic skill increases to level 4!
The orc misses you.
Unknown command.
Really read
c - 2 scrolls of identify {!r}?
As you read the scroll of identify {!r}, it crumbles to dust.
h - a scroll of teleportation {!r} The centaur skeleton barely misses you.
The orc hits you with a hand axe!
You die...

..... ..... .....
..... ## # ?....
.###.. #####
###.....
..#######....###
....>.o@Z......#
.....####)##.#.$
....oZ.o..##.###
! ##.###.o.......
.###.###.#####...
................
.####.....######
#.###.# ... .#


You could see an orc and a centaur skeleton.

Vanquished Creatures
  An orc priest (D:4)
  2 adders (D:3)
  An ooze (D:2)
  A worm (D:3)
  A dart slug (D:3)
  3 leopard geckos (D:3)
  9 orcs
  4 bats
  3 giant cockroaches
  5 goblins
  3 hobgoblins (D:3)
  4 jackals (D:3)
  4 kobolds
  A quokka (D:3)
  4 frilled lizards
  2 rats
48 creatures vanquished.

Notes
Turn   | Place    | Note
-------+----------+-------------------------------------------
     0 | D:1      | Amnesiac the Mummy Air Elementalist began the quest for the Orb.
     0 | D:1      | Reached XP level 1. HP: 13/13 MP: 4/4
   224 | D:2      | Reached XP level 2. HP: 14/19 MP: 0/5
   228 | D:2      | Learned a level 2 spell: Swiftness
   401 | D:3      | Reached XP level 3. HP: 20/24 MP: 3/7
   732 | D:3      | Reached XP level 4. HP: 14/30 MP: 7/9
   738 | D:3      | Learned a level 4 spell: Airstrike
   961 | D:4      | Slain by an orc

Vault maps used:
D:1:      zelgadis_glass_arrival_small
D:2:      nicolae_dithmenos_shadow_blocks
D:3:      first_ration
D:4:      uniq_duvessa

Skill      XL: |  1  2  3  4 |
---------------+-------------+-----
Air Magic      | 3 4 |  4.1
Spellcasting   | 3 4 |  4.0
Dodging        | |  1.5
Stealth        | |  1.5
Conjurations   | |  0.7

Action                   |  1- 3 |  4- 6 || total
-------------------------+-------+-------++-------
Melee: Mace              |    34 |       ||    34
       Unarmed           |     4 |       ||     4
 Fire: Hunting sling     |    46 |       ||    46
 Cast: Shock             |    45 |    18 ||    63
  Use: Scroll            |       |     2 ||     2
 Stab: Sleeping          |     1 |       ||     1
Armor: Robe              |    26 |       ||    26
Dodge: Dodged            |    61 |     7 ||    68

Table legend:
 A = Spawn XP
 B = Non-spawn XP
 C = Spawn XP percentage of total XP
 D = Spawn monster count
 E = Non-spawn monster count
 F = Spawn count percentage of total count
 G = Total turns spent on level
                    A         B        C        D         E        F      G
               +---------+---------+-------+---------+---------+-------+---------
         Total |       0 |     171 |   0.0 |       0 |      48 |   0.0 |   961
               +---------+---------+-------+---------+---------+-------+---------
           D:1 |       0 |       4 |   0.0 |       0 |       3 |   0.0 |   153
           D:2 |       0 |      17 |   0.0 |       0 |       7 |   0.0 |   174
           D:3 |       0 |     103 |   0.0 |       0 |      35 |   0.0 |   619
           D:4 |       0 |      47 |   0.0 |       0 |       3 |   0.0 |    15
               +---------+---------+-------+---------+---------+-------+---------
